Pirates vs Rampage

Created - Saturday, January 24, 2015 at 00:01

Goals
1 2 3 T
Pirates 0 1 0 1
Rampage 0 2 0 2
Shots
1 2 3 T
Pirates 7 8 7 22
Rampage 4 18 4 26

1st period

No Goal

Penalties :
Arron Asham (POR) for Hooking (Minor) at 8:35, Andrey Pedan (SAN) for Holding Stick (Minor) at 11:13, Dan Kelly (POR) for Tripping (Minor) at 12:20

2nd period

1. Rampage , Mikael Samuelsson 7 (Jordan Nolan) at 0:15
2. Rampage , Matt Puempel 10 (Ryan Potulny, Andrey Pedan) at 3:17
3. Pirates , Eric Tangradi 22 (David Steckel, Andrew Alberts) at 5:51

Penalties :
Vincent LoVerde (POR) for Hooking (Minor) at 0:56

3rd period

No Goal

Penalties :
Danny Kristo (SAN) for Interference (Minor) at 0:46

Goalie Stats

Magnus Hellberg (POR), 24 saves from 26 shots - (0.923), L, 7-1-2, 60:00 minutes
Matt Hackett (SAN), 21 saves from 22 shots - (0.955), W, 14-9-2, 60:00 minutes

Players Stats for Pirates

Player Name              G  A  P  +/- PIM S  H  SB GA TA FO     MP     PP MP  PK MP  
------------------------------------------------------------------------------------
Alex Broadhurst          0  0  0   0  0   0  2  0  1  0  3/6    12:07   0:00   0:00 
Andrew Alberts           0  1  1   0  0   2  1  0  0  3  0/0    23:11   1:56   3:40 
Arron Asham              0  0  0  -1  2   2  0  0  1  0  0/0    14:59   0:00   1:01 
Bobby Butler             0  0  0   0  0   0  2  0  0  2  2/5    22:37   1:21   2:23 
Brandon Segal            0  0  0   0  0   0  1  0  1  2  0/0    19:21   1:45   1:41 
Dan Kelly                0  0  0  -2  2   1  3  2  0  0  0/0    25:40   1:09   1:57 
David Steckel            0  1  1   0  0   4  2  0  2  1  10/13  21:16   1:21   2:47 
Duncan Siemens           0  0  0   0  0   0  0  0  0  1  0/0    11:39   0:00   0:00 
Eric Tangradi            1  0  1   0  0   6  3  0  3  1  0/0    17:41   1:21   1:41 
Gabriel Dumont           0  0  0   0  0   0  0  0  0  0  0/0     0:53   0:00   0:00 
Greg Rallo               0  0  0   0  0   2  0  1  0  0  0/0    13:55   0:00   0:00 
Henrik Tommernes         0  0  0   1  0   0  0  1  1  0  0/0    23:04   1:56   2:01 
Nick Johnson             0  0  0  -1  0   2  2  1  0  1  0/0    16:21   1:45   0:37 
Ryan Craig               0  0  0   0  0   1  3  1  0  0  2/6    14:04   0:00   0:00 
Shane Harper             0  0  0   0  0   0  0  0  0  0  0/0     0:30   0:00   0:00 
Tobias Rieder            0  0  0   0  0   1  2  3  4  2  4/4    21:41   1:45   0:00 
Tyler Cuma               0  0  0   0  0   0  0  0  0  0  0/0     9:21   0:00   0:00 
Vincent LoVerde          0  0  0  -2  2   1  3  1  0  0  0/0    25:35   1:10   2:32 

Players Stats for Rampage

Player Name              G  A  P  +/- PIM S  H  SB GA TA FO     MP     PP MP  PK MP  
------------------------------------------------------------------------------------
Adam Almquist            0  0  0   1  0   1  2  1  1  1  0/0    24:22   2:40   1:47 
Andrey Pedan             0  1  1   0  2   1  1  0  1  0  0/0    16:21   0:22   0:00 
Calle Jarnkrok           0  0  0   0  0   0  0  0  0  0  2/7    16:26   2:13   0:28 
Charles-Olivier Roussel  0  0  0   0  0   0  0  0  0  0  0/0    20:44   2:25   1:19 
Danny Kristo             0  0  0   0  2   1  1  0  3  0  0/0    18:33   2:30   0:08 
Jesper Fast              0  0  0   0  0   3  2  0  3  2  0/0    17:38   2:30   0:00 
Joe Diamond              0  0  0   0  0   0  0  1  0  0  0/0     0:46   0:00   0:00 
Johan Sundstrom          0  0  0   0  0   5  0  0  1  0  5/13   18:22   2:30   0:00 
John Persson             0  0  0   0  0   0  0  0  0  1  1/2     9:12   0:00   0:20 
Jordan Nolan             0  1  1   0  0   2  5  1  6  0  1/5    22:12   2:13   2:38 
Kirill Kabanov           0  0  0   1  0   0  0  0  1  0  0/2    16:34   0:00   0:00 
Matt Puempel             1  0  1   1  0   2  0  0  2  1  0/0    17:09   0:22   0:00 
Mikael Samuelsson        1  0  1   0  0   4  0  0  2  0  0/1    21:45   2:13   2:38 
Nick Tuzzolino           0  0  0   0  0   0  0  1  1  0  0/0    16:00   0:00   0:00 
Ryan Potulny             0  1  1   1  0   5  0  1  1  1  4/4    12:08   0:22   0:00 
Tim Erixon               0  0  0   1  0   2  1  1  0  0  0/0    23:24   2:40   1:47 
Tim Miller               0  0  0   0  0   0  0  0  0  0  0/0     2:36   0:00   0:00 
Will O'Neill             0  0  0   0  0   0  1  0  2  0  0/0    21:43   2:25   1:19 

3 Stars

1 - Matt Hackett (SAN)
2 - Eric Tangradi (POR)
3 - Matt Puempel (SAN)

Power Play

Pirates - 0 on 2 Attempt(s) - 0.00%
Rampage - 0 on 3 Attempt(s) - 0.00%

Penalty Kill

Pirates - 3 on 3 Attempt(s) - 100.00% - Score 0 goal in Penalty Kill
Rampage - 2 on 2 Attempt(s) - 100.00% - Score 0 goal in Penalty Kill

Team Stat

Pirates - Hits : 24 - Faceoff Wins : 21 - Blocked Shots : 10 - Penalty Minutes : 6
Rampage - Hits : 13 - Faceoff Wins : 13 - Blocked Shots : 6 - Penalty Minutes : 4

Official

Referees : Unknown
Linesman : Unknown

Game Notes

Ryan Potulny is injured at 3:21 of 3rd period (Torn Right MCL)

Finance

Level 1 -- Attendance: 1470 (73.50%) -- Ticket Income $51,450
Level 2 -- Attendance: 689 (68.90%) -- Ticket Income $10,335
Total Attendance: 2159 (71.97%)
Total Ticket Income: $61,785
Other Income: $30,275
Total Income: $92,060

Pirates

5 vs 5 Forward 
   Center                   Left Wing                Right Wing               Time % Phy DF OF 
 1 David Steckel            Eric Tangradi            Bobby Butler             35     1   2  2  
 2 Ryan Craig               Tobias Rieder            Brandon Segal            30     1   2  2  
 3 Tobias Rieder            Nick Johnson             Arron Asham              22     1   2  2  
 4 Alex Broadhurst          Bobby Butler             Greg Rallo               13     1   2  2  

5 vs 5 Defense 
   Defense                  Defense                                           Time % Phy DF OF 
 1 Vincent LoVerde          Dan Kelly                                         35     1   2  2  
 2 Andrew Alberts           Henrik Tommernes                                  30     1   2  2  
 3 Vincent LoVerde          Dan Kelly                                         22     1   2  2  
 4 Andrew Alberts           Henrik Tommernes                                  13     1   2  2  

PowerPlay Forward 
   Center                   Left Wing                Right Wing               Time % Phy DF OF 
 1 David Steckel            Eric Tangradi            Bobby Butler             60     1   2  2  
 2 Tobias Rieder            Nick Johnson             Brandon Segal            40     1   2  2  

PowerPlay Defense
   Defense                  Defense                                           Time % Phy DF OF 
 1 Vincent LoVerde          Dan Kelly                                         60     1   2  2  
 2 Andrew Alberts           Henrik Tommernes                                  40     1   2  2  

Penalty Kill 4 Players Forward 
   Center                   Wing                     Time % Phy DF OF 
 1 Bobby Butler             David Steckel            60     1   2  2  
 2 Brandon Segal            Eric Tangradi            40     1   2  2  

Penalty Kill 4 Players Defense
   Defense                  Defense                  Time % Phy DF OF 
 1 Dan Kelly                Vincent LoVerde          60     1   2  2  
 2 Andrew Alberts           Henrik Tommernes         40     1   2  2  

Penalty Kill - 3 Players Forward 
   Forward                                           Time % Phy DF OF 
 1 Bobby Butler                                      60     1   2  2  
 2 David Steckel                                     40     1   2  2  

Penalty Kill - 3 Players Defense
   Defense                  Defense                  Time % Phy DF OF 
 1 Dan Kelly                Vincent LoVerde          60     1   2  2  
 2 Andrew Alberts           Henrik Tommernes         40     1   2  2  

4 vs 4 Forward 
   Center                   Wing                     Time % Phy DF OF 
 1 Bobby Butler             David Steckel            60     1   2  2  
 2 Brandon Segal            Eric Tangradi            40     1   2  2  

4 vs 4 Defense
   Defense                  Defense                  Time % Phy DF OF 
 1 Vincent LoVerde          Dan Kelly                60     1   2  2  
 2 Andrew Alberts           Henrik Tommernes         40     1   2  2  

Last Minutes Offensive
   Center                   Left Wing                Right Wing               Defense                  Defense                  
   David Steckel            Eric Tangradi            Bobby Butler             Andrew Alberts           Henrik Tommernes         

Last Minutes Defensive
   Center                   Left Wing                Right Wing               Defense                  Defense                  
   David Steckel            Eric Tangradi            Bobby Butler             Andrew Alberts           Henrik Tommernes         

Goaltenders
Starting : Magnus Hellberg          
Backup : Christopher Gibson       

Extra Forwards
Normal : Tobias Rieder, Nick Johnson, Arron Asham - PP : Tobias Rieder, Nick Johnson - PK : Arron Asham
Extra Defensemen
Normal : Vincent LoVerde, Dan Kelly, Andrew Alberts - PP : Vincent LoVerde - PK : Dan Kelly, Andrew Alberts
Penalty Shots
Bobby Butler, David Steckel, Brandon Segal, Eric Tangradi, Tobias Rieder

Rampage

5 vs 5 Forward 
   Center                   Left Wing                Right Wing               Time % Phy DF OF 
 1 Calle Jarnkrok           Jordan Nolan             Mikael Samuelsson        35     1   2  2  
 2 Johan Sundstrom          Jesper Fast              Danny Kristo             30     1   2  2  
 3 Ryan Potulny             Matt Puempel             Kirill Kabanov           22     1   2  2  
 4 Jordan Nolan             John Persson             Mikael Samuelsson        13     1   2  2  

5 vs 5 Defense 
   Defense                  Defense                                           Time % Phy DF OF 
 1 Adam Almquist            Tim Erixon                                        35     1   2  2  
 2 Charles-Olivier Roussel  Will O'Neill                                      30     1   2  2  
 3 Nick Tuzzolino           Andrey Pedan                                      22     1   2  2  
 4 Adam Almquist            Tim Erixon                                        13     1   2  2  

PowerPlay Forward 
   Center                   Left Wing                Right Wing               Time % Phy DF OF 
 1 Calle Jarnkrok           Jordan Nolan             Mikael Samuelsson        60     1   2  2  
 2 Johan Sundstrom          Jesper Fast              Danny Kristo             40     1   2  2  

PowerPlay Defense
   Defense                  Defense                                           Time % Phy DF OF 
 1 Adam Almquist            Tim Erixon                                        60     1   2  2  
 2 Charles-Olivier Roussel  Will O'Neill                                      40     1   2  2  

Penalty Kill 4 Players Forward 
   Center                   Wing                     Time % Phy DF OF 
 1 Jordan Nolan             Mikael Samuelsson        60     1   2  2  
 2 Danny Kristo             Calle Jarnkrok           40     1   2  2  

Penalty Kill 4 Players Defense
   Defense                  Defense                  Time % Phy DF OF 
 1 Adam Almquist            Tim Erixon               60     1   2  2  
 2 Charles-Olivier Roussel  Will O'Neill             40     1   2  2  

Penalty Kill - 3 Players Forward 
   Forward                                           Time % Phy DF OF 
 1 Jordan Nolan                                      60     1   2  2  
 2 Mikael Samuelsson                                 40     1   2  2  

Penalty Kill - 3 Players Defense
   Defense                  Defense                  Time % Phy DF OF 
 1 Adam Almquist            Tim Erixon               60     1   2  2  
 2 Charles-Olivier Roussel  Will O'Neill             40     1   2  2  

4 vs 4 Forward 
   Center                   Wing                     Time % Phy DF OF 
 1 Jordan Nolan             Mikael Samuelsson        60     1   2  2  
 2 Danny Kristo             Calle Jarnkrok           40     1   2  2  

4 vs 4 Defense
   Defense                  Defense                  Time % Phy DF OF 
 1 Adam Almquist            Tim Erixon               60     1   2  2  
 2 Charles-Olivier Roussel  Will O'Neill             40     1   2  2  

Last Minutes Offensive
   Center                   Left Wing                Right Wing               Defense                  Defense                  
   Calle Jarnkrok           Jordan Nolan             Mikael Samuelsson        Adam Almquist            Tim Erixon               

Last Minutes Defensive
   Center                   Left Wing                Right Wing               Defense                  Defense                  
   Calle Jarnkrok           Jordan Nolan             Mikael Samuelsson        Adam Almquist            Tim Erixon               

Goaltenders
Starting : Matt Hackett             
Backup : Mike Murphy              

Extra Forwards
Normal : Matt Puempel, Ryan Potulny, John Persson - PP : Matt Puempel, Ryan Potulny - PK : John Persson
Extra Defensemen
Normal : Nick Tuzzolino, Andrey Pedan, Charles-Olivier Roussel - PP : Nick Tuzzolino - PK : Andrey Pedan, Charles-Olivier Roussel
Penalty Shots
Jordan Nolan, Mikael Samuelsson, Danny Kristo, Calle Jarnkrok, Jesper Fast

% Time on Ice - Pirates

Lines # - Real PCT - Wanted PCT - Time Play
Normal Forward
1 - 31% - 35% - 15:31
2 - 28% - 30% - 13:52
3 - 17% - 22% - 8:41
4 - 24% - 13% - 12:07
Normal Defense
1 - 36% - 35% - 17:59
2 - 29% - 30% - 14:38
3 - 20% - 22% - 10:00
4 - 15% - 13% - 7:34
PP Forward
1 - 44% - 60% - 1:21
2 - 56% - 40% - 1:45
PP Defense
1 - 38% - 60% - 1:10
2 - 62% - 40% - 1:56
PK Forward
1 - 67% - 60% - 3:24
2 - 33% - 40% - 1:41
PK Defense
1 - 60% - 60% - 3:04
2 - 40% - 40% - 2:01
PK3 Forward
1 - 0% - 60%
2 - 0% - 40%
PK3 Defense
1 - 0% - 60%
2 - 0% - 40%
44 Forward
1 - 100% - 60% - 0:52
2 - 0% - 40% - 0:00
44 Defense
1 - 40% - 60% - 0:21
2 - 60% - 40% - 0:31
Last Minute Offensive  - 0:46
Last Minute Defensive  - 0:00
Total
Forward - 60:00
Defense - 60:00

% Time on Ice - Rampage

Lines # - Real PCT - Wanted PCT - Time Play
Normal Forward
1 - 23% - 35% - 11:36
2 - 27% - 30% - 13:41
3 - 40% - 22% - 20:03
4 - 10% - 13% - 4:51
Normal Defense
1 - 33% - 35% - 16:43
2 - 31% - 30% - 15:21
3 - 32% - 22% - 16:00
4 - 4% - 13% - 2:07
PP Forward
1 - 51% - 60% - 2:35
2 - 49% - 40% - 2:30
PP Defense
1 - 52% - 60% - 2:40
2 - 48% - 40% - 2:25
PK Forward
1 - 85% - 60% - 2:38
2 - 15% - 40% - 0:28
PK Defense
1 - 58% - 60% - 1:47
2 - 42% - 40% - 1:19
PK3 Forward
1 - 0% - 60%
2 - 0% - 40%
PK3 Defense
1 - 0% - 60%
2 - 0% - 40%
44 Forward
1 - 100% - 60% - 0:52
2 - 0% - 40% - 0:00
44 Defense
1 - 100% - 60% - 0:52
2 - 0% - 40% - 0:00
Last Minute Offensive  - 0:00
Last Minute Defensive  - 0:46
Total
Forward - 60:00
Defense - 60:00

Play by Play

1st period


0:01 of 1st period - Calle Jarnkrok wins face-off versus David Steckel in neutral zone.
0:03 of 1st period - Off-side.
0:04 of 1st period - David Steckel wins face-off versus Calle Jarnkrok in neutral zone.
0:30 of 1st period - Snap shot by Eric Tangradi.
0:30 of 1st period - Shot Blocked by Tim Erixon.
0:56 of 1st period - Tim Erixon is hit by Dan Kelly and loses puck.
1:14 of 1st period - Jesper Fast is hit by Dan Kelly and loses puck.
3:12 of 1st period - Tim Erixon is hit by David Steckel and loses puck.
3:36 of 1st period - Wrist shot by Ryan Potulny.
3:36 of 1st period - Stopped by Magnus Hellberg without a rebound.
3:37 of 1st period - Ryan Potulny wins face-off versus Alex Broadhurst in Pirates zone.
3:42 of 1st period - Snap shot by Ryan Potulny.
3:42 of 1st period - Deflect By Matt Puempel.
3:42 of 1st period - Shot Misses the Net.
3:42 of 1st period - Puck is out of play.
3:43 of 1st period - Ryan Potulny wins face-off versus Alex Broadhurst in Pirates zone.
3:52 of 1st period - Wrist shot by Matt Puempel.
3:52 of 1st period - Deflect By Ryan Potulny.
3:52 of 1st period - Stopped by Magnus Hellberg without a rebound.
3:53 of 1st period - Johan Sundstrom wins face-off versus Ryan Craig in Pirates zone.
4:04 of 1st period - Snap shot by Johan Sundstrom.
4:04 of 1st period - Shot Blocked by Ryan Craig.
4:26 of 1st period - Andrey Pedan is hit by Ryan Craig and loses puck.
5:45 of 1st period - Mikael Samuelsson is hit by Alex Broadhurst and loses puck.
6:28 of 1st period - Ryan Craig is hit by Jesper Fast.
6:40 of 1st period - Andrew Alberts is hit by Will O'Neill and loses puck.
6:49 of 1st period - Snap shot by Greg Rallo.
6:49 of 1st period - Stopped by Matt Hackett with a rebound.
7:09 of 1st period - Snap shot by Eric Tangradi.
7:09 of 1st period - Stopped by Matt Hackett with a rebound.
7:11 of 1st period - Slapshot by Tyler Cuma.
7:11 of 1st period - Deflect By David Steckel.
7:11 of 1st period - Stopped by Matt Hackett with a rebound.
7:13 of 1st period - Snap shot by David Steckel.
7:13 of 1st period - Shot Misses the Net.
7:15 of 1st period - Slapshot by Eric Tangradi.
7:15 of 1st period - Stopped by Matt Hackett without a rebound.
7:16 of 1st period - Johan Sundstrom wins face-off versus David Steckel in Rampage zone.
7:22 of 1st period - Off-side.
7:23 of 1st period - Johan Sundstrom wins face-off versus Ryan Craig in neutral zone.
8:01 of 1st period - Wrist shot by Mikael Samuelsson.
8:01 of 1st period - Stopped by Magnus Hellberg without a rebound.
8:02 of 1st period - Alex Broadhurst wins face-off versus Jordan Nolan in Pirates zone.
8:35 of 1st period - Minor Penalty to Arron Asham for Hooking.
8:36 of 1st period - Johan Sundstrom wins face-off versus Bobby Butler in Pirates zone.
9:09 of 1st period - Off-side.
9:10 of 1st period - Calle Jarnkrok wins face-off versus Bobby Butler in neutral zone.
9:51 of 1st period - Danny Kristo is hit by Vincent LoVerde and loses puck.
10:35 of 1st period - Penalty to Arron Asham is over, Arron Asham is back on ice.
11:13 of 1st period - Minor Penalty to Andrey Pedan for Holding Stick.
11:14 of 1st period - Tobias Rieder wins face-off versus Jordan Nolan in Rampage zone.
11:16 of 1st period - Wrist shot by Nick Johnson.
11:16 of 1st period - Stopped by Matt Hackett with a rebound.
11:18 of 1st period - Wrist shot by Tobias Rieder.
11:18 of 1st period - Deflect By Brandon Segal.
11:18 of 1st period - Shot Misses the Net.
11:18 of 1st period - Puck is out of play.
11:19 of 1st period - Tobias Rieder wins face-off versus Jordan Nolan in Rampage zone.
11:25 of 1st period - Slapshot by Henrik Tommernes.
11:25 of 1st period - Shot Blocked by Jordan Nolan.
12:20 of 1st period - Minor Penalty to Dan Kelly for Tripping.
12:21 of 1st period - Jordan Nolan wins face-off versus Bobby Butler in Pirates zone.
13:13 of 1st period - Penalty to Andrey Pedan is over, Andrey Pedan is back on ice.
13:21 of 1st period - Arron Asham is hit by Adam Almquist and loses puck.
13:31 of 1st period - Snap shot by Charles-Olivier Roussel.
13:31 of 1st period - Shot Misses the Net.
14:20 of 1st period - Penalty to Dan Kelly is over, Dan Kelly is back on ice.
14:24 of 1st period - Mikael Samuelsson is hit by Eric Tangradi and loses puck.
14:43 of 1st period - Slapshot by Ryan Potulny.
14:43 of 1st period - Shot Misses the Net.
15:07 of 1st period - Johan Sundstrom is hit by Tobias Rieder and loses puck.
15:46 of 1st period - Jesper Fast is hit by Alex Broadhurst and loses puck.
17:44 of 1st period - Snap shot by Arron Asham.
17:44 of 1st period - Stopped by Matt Hackett with a rebound.
17:48 of 1st period - Wrist shot by Arron Asham.
17:48 of 1st period - Stopped by Matt Hackett with a rebound.
18:16 of 1st period - Snap shot by Jordan Nolan.
18:16 of 1st period - Stopped by Magnus Hellberg without a rebound.
18:17 of 1st period - David Steckel wins face-off versus Calle Jarnkrok in Pirates zone.
18:45 of 1st period - Duncan Siemens is hit by Jesper Fast and loses puck.
19:00 of 1st period - Arron Asham is hit by Jordan Nolan and loses puck.
Goals for this period are 0 for Pirates vs 0 for Rampage.
Shots for this period are 7 for Pirates vs 4 for Rampage.

2nd period


0:01 of 2nd period - David Steckel wins face-off versus Calle Jarnkrok in neutral zone.
0:13 of 2nd period - Wrist shot by Jordan Nolan.
0:13 of 2nd period - Stopped by Magnus Hellberg with a rebound.
0:15 of 2nd period - Snap shot by Jordan Nolan.
0:15 of 2nd period - Deflect By Mikael Samuelsson.
0:15 of 2nd period - Goal by Mikael Samuelsson - Pirates : 0 - Rampage : 1.
0:16 of 2nd period - David Steckel wins face-off versus Calle Jarnkrok in neutral zone.
0:43 of 2nd period - Wrist shot by Mikael Samuelsson.
0:43 of 2nd period - Stopped by Magnus Hellberg with a rebound.
0:45 of 2nd period - Backhand shot by Tim Erixon.
0:45 of 2nd period - Stopped by Magnus Hellberg with a rebound.
0:47 of 2nd period - Slapshot by Adam Almquist.
0:47 of 2nd period - Deflect By Eric Tangradi.
0:47 of 2nd period - Stopped by Magnus Hellberg with a rebound.
0:56 of 2nd period - Minor Penalty to Vincent LoVerde for Hooking.
0:57 of 2nd period - Bobby Butler wins face-off versus Johan Sundstrom in Pirates zone.
1:09 of 2nd period - Wrist shot by Jesper Fast.
1:09 of 2nd period - Stopped by Magnus Hellberg with a rebound.
1:11 of 2nd period - Snap shot by Jesper Fast.
1:11 of 2nd period - Shot Misses the Net.
1:13 of 2nd period - Snap shot by Jesper Fast.
1:13 of 2nd period - Stopped by Magnus Hellberg without a rebound.
1:14 of 2nd period - Bobby Butler wins face-off versus Johan Sundstrom in Pirates zone.
1:57 of 2nd period - Wrist shot by Mikael Samuelsson.
1:57 of 2nd period - Stopped by Magnus Hellberg with a rebound.
2:22 of 2nd period - Tim Erixon is hit by Andrew Alberts and loses puck.
2:56 of 2nd period - Penalty to Vincent LoVerde is over, Vincent LoVerde is back on ice.
3:11 of 2nd period - Snap shot by Matt Puempel.
3:11 of 2nd period - Shot Misses the Net.
3:13 of 2nd period - Slapshot by Andrey Pedan.
3:13 of 2nd period - Stopped by Magnus Hellberg with a rebound.
3:15 of 2nd period - Slapshot by Ryan Potulny.
3:15 of 2nd period - Stopped by Magnus Hellberg with a rebound.
3:17 of 2nd period - Wrist shot by Matt Puempel.
3:17 of 2nd period - Goal by Matt Puempel - Pirates : 0 - Rampage : 2.
3:18 of 2nd period - Ryan Craig wins face-off versus Johan Sundstrom in neutral zone.
4:04 of 2nd period - Wrist shot by Matt Puempel.
4:04 of 2nd period - Shot Blocked by Tobias Rieder.
4:16 of 2nd period - Slapshot by Adam Almquist.
4:16 of 2nd period - Shot Blocked by Vincent LoVerde.
4:18 of 2nd period - Snap shot by Ryan Potulny.
4:18 of 2nd period - Shot Blocked by Dan Kelly.
4:20 of 2nd period - Snap shot by Kirill Kabanov.
4:20 of 2nd period - Shot Misses the Net.
4:22 of 2nd period - Wrist shot by Matt Puempel.
4:22 of 2nd period - Shot Blocked by Dan Kelly.
4:24 of 2nd period - Wrist shot by Ryan Potulny.
4:24 of 2nd period - Stopped by Magnus Hellberg with a rebound.
4:44 of 2nd period - Tim Erixon is hit by Ryan Craig and loses puck.
5:22 of 2nd period - Wrist shot by Johan Sundstrom.
5:22 of 2nd period - Stopped by Magnus Hellberg with a rebound.
5:51 of 2nd period - Snap shot by Eric Tangradi.
5:51 of 2nd period - Goal by Eric Tangradi - Pirates : 1 - Rampage : 2.
5:52 of 2nd period - David Steckel wins face-off versus Kirill Kabanov in neutral zone.
6:25 of 2nd period - Snap shot by David Steckel.
6:25 of 2nd period - Shot Blocked by Ryan Potulny.
8:05 of 2nd period - Snap shot by Danny Kristo.
8:05 of 2nd period - Shot Blocked by Henrik Tommernes.
8:07 of 2nd period - Snap shot by Andrey Pedan.
8:07 of 2nd period - Shot Blocked by Greg Rallo.
8:25 of 2nd period - John Persson is hit by Tobias Rieder and loses puck.
8:34 of 2nd period - Snap shot by Nick Johnson.
8:34 of 2nd period - Stopped by Matt Hackett with a rebound.
8:36 of 2nd period - Snap shot by Dan Kelly.
8:36 of 2nd period - Stopped by Matt Hackett without a rebound.
8:37 of 2nd period - Tobias Rieder wins face-off versus John Persson in Rampage zone.
8:55 of 2nd period - Adam Almquist is hit by Bobby Butler and loses puck.
9:12 of 2nd period - Off-side.
9:13 of 2nd period - Ryan Potulny wins face-off versus Alex Broadhurst in neutral zone.
9:18 of 2nd period - Wrist shot by Matt Puempel.
9:18 of 2nd period - Deflect By Ryan Potulny.
9:18 of 2nd period - Stopped by Magnus Hellberg with a rebound.
10:18 of 2nd period - Snap shot by Tobias Rieder.
10:18 of 2nd period - Stopped by Matt Hackett with a rebound.
10:20 of 2nd period - Slapshot by Vincent LoVerde.
10:20 of 2nd period - Shot Misses the Net.
10:40 of 2nd period - Snap shot by Matt Puempel.
10:40 of 2nd period - Stopped by Magnus Hellberg with a rebound.
10:46 of 2nd period - Snap shot by Tim Erixon.
10:46 of 2nd period - Stopped by Magnus Hellberg with a rebound.
11:07 of 2nd period - Icing by Duncan Siemens.
11:08 of 2nd period - David Steckel wins face-off versus Johan Sundstrom in Pirates zone.
11:08 of 2nd period - David Steckel is hit by Andrey Pedan.
11:58 of 2nd period - Snap shot by Matt Puempel.
11:58 of 2nd period - Deflect By Ryan Potulny.
11:58 of 2nd period - Shot Misses the Net.
11:58 of 2nd period - Puck is out of play.
11:59 of 2nd period - Ryan Potulny wins face-off versus Ryan Craig in Pirates zone.
12:33 of 2nd period - Wrist shot by Johan Sundstrom.
12:33 of 2nd period - Shot Misses the Net.
12:35 of 2nd period - Snap shot by Danny Kristo.
12:35 of 2nd period - Stopped by Magnus Hellberg with a rebound.
12:37 of 2nd period - Wrist shot by Jesper Fast.
12:37 of 2nd period - Stopped by Magnus Hellberg without a rebound.
12:38 of 2nd period - Alex Broadhurst wins face-off versus Johan Sundstrom in Pirates zone.
12:38 of 2nd period - Alex Broadhurst is hit by Tim Erixon.
13:06 of 2nd period - Nick Johnson is hit by Jordan Nolan and loses puck.
14:03 of 2nd period - Wrist shot by Brandon Segal.
14:03 of 2nd period - Shot Misses the Net.
14:05 of 2nd period - Snap shot by Brandon Segal.
14:05 of 2nd period - Deflect By Ryan Craig.
14:05 of 2nd period - Shot Misses the Net.
14:05 of 2nd period - Puck is out of play.
14:06 of 2nd period - Alex Broadhurst wins face-off versus Johan Sundstrom in Rampage zone.
14:13 of 2nd period - Wrist shot by Greg Rallo.
14:13 of 2nd period - Shot Blocked by Nick Tuzzolino.
15:13 of 2nd period - Matt Puempel is hit by Vincent LoVerde and loses puck.
15:38 of 2nd period - Slapshot by Greg Rallo.
15:38 of 2nd period - Stopped by Matt Hackett with a rebound.
15:43 of 2nd period - Off-side.
15:44 of 2nd period - Ryan Craig wins face-off versus Johan Sundstrom in neutral zone.
15:47 of 2nd period - Adam Almquist is hit by Brandon Segal and loses puck.
16:12 of 2nd period - Wrist shot by Eric Tangradi.
16:12 of 2nd period - Shot Misses the Net.
16:14 of 2nd period - Slapshot by Andrew Alberts.
16:14 of 2nd period - Deflect By Tim Erixon.
16:14 of 2nd period - Stopped by Matt Hackett with a rebound.
16:16 of 2nd period - Snap shot by David Steckel.
16:16 of 2nd period - Stopped by Matt Hackett with a rebound.
16:18 of 2nd period - Wrist shot by Andrew Alberts.
16:18 of 2nd period - Stopped by Matt Hackett with a rebound.
16:20 of 2nd period - Wrist shot by David Steckel.
16:20 of 2nd period - Shot Misses the Net.
18:56 of 2nd period - Matt Puempel is hit by Eric Tangradi and loses puck.
19:23 of 2nd period - Kirill Kabanov is hit by Bobby Butler.
19:48 of 2nd period - Dan Kelly is hit by Jordan Nolan and loses puck.
Goals for this period are 1 for Pirates vs 2 for Rampage.
Shots for this period are 8 for Pirates vs 18 for Rampage.

3rd period


0:01 of 3rd period - David Steckel wins face-off versus Calle Jarnkrok in neutral zone.
0:25 of 3rd period - Backhand shot by David Steckel.
0:25 of 3rd period - Stopped by Matt Hackett with a rebound.
0:27 of 3rd period - Slapshot by Vincent LoVerde.
0:27 of 3rd period - Deflect By Adam Almquist.
0:27 of 3rd period - Stopped by Matt Hackett with a rebound.
0:29 of 3rd period - Snap shot by Bobby Butler.
0:29 of 3rd period - Shot Misses the Net.
0:31 of 3rd period - Slapshot by Vincent LoVerde.
0:31 of 3rd period - Deflect By Eric Tangradi.
0:31 of 3rd period - Stopped by Matt Hackett with a rebound.
0:33 of 3rd period - Slapshot by Eric Tangradi.
0:33 of 3rd period - Stopped by Matt Hackett without a rebound.
0:34 of 3rd period - Tobias Rieder wins face-off versus Johan Sundstrom in Rampage zone.
0:46 of 3rd period - Minor Penalty to Danny Kristo for Interference.
0:47 of 3rd period - David Steckel wins face-off versus Jordan Nolan in Rampage zone.
0:50 of 3rd period - Backhand shot by Eric Tangradi.
0:50 of 3rd period - Shot Misses the Net.
0:52 of 3rd period - Snap shot by Eric Tangradi.
0:52 of 3rd period - Stopped by Matt Hackett with a rebound.
1:06 of 3rd period - Snap shot by David Steckel.
1:06 of 3rd period - Shot Misses the Net.
1:14 of 3rd period - Snap shot by David Steckel.
1:14 of 3rd period - Stopped by Matt Hackett with a rebound.
2:43 of 3rd period - Will O'Neill is hit by Nick Johnson and loses puck.
2:46 of 3rd period - Penalty to Danny Kristo is over, Danny Kristo is back on ice.
2:54 of 3rd period - Slapshot by Calle Jarnkrok.
2:54 of 3rd period - Shot Misses the Net.
3:20 of 3rd period - Ryan Potulny is hit by Dan Kelly and loses puck.
3:21 of 3rd period - Ryan Potulny from Rampage is injured at 3:21 of 3rd period (Torn Right MCL).
3:22 of 3rd period - David Steckel wins face-off versus Mikael Samuelsson in Rampage zone.
4:13 of 3rd period - David Steckel is hit by Danny Kristo.
4:29 of 3rd period - Slapshot by Johan Sundstrom.
4:29 of 3rd period - Shot Misses the Net.
5:39 of 3rd period - Nick Tuzzolino is hit by Nick Johnson and loses puck.
7:12 of 3rd period - Snap shot by Matt Puempel.
7:12 of 3rd period - Shot Blocked by Nick Johnson.
7:14 of 3rd period - Snap shot by Kirill Kabanov.
7:14 of 3rd period - Shot Hit the Post.
7:16 of 3rd period - Snap shot by Johan Sundstrom.
7:16 of 3rd period - Shot Blocked by Tobias Rieder.
7:18 of 3rd period - Slapshot by Charles-Olivier Roussel.
7:18 of 3rd period - Deflect By Johan Sundstrom.
7:18 of 3rd period - Stopped by Magnus Hellberg with a rebound.
7:20 of 3rd period - Slapshot by Will O'Neill.
7:20 of 3rd period - Shot Blocked by Tobias Rieder.
7:22 of 3rd period - Wrist shot by Johan Sundstrom.
7:22 of 3rd period - Stopped by Magnus Hellberg with a rebound.
7:54 of 3rd period - Arron Asham is hit by Jordan Nolan and loses puck.
8:56 of 3rd period - Andrew Alberts is hit by Adam Almquist and loses puck.
10:21 of 3rd period - Mikael Samuelsson is hit by Vincent LoVerde and loses puck.
10:51 of 3rd period - Off-side.
10:52 of 3rd period - John Persson wins face-off versus David Steckel in neutral zone.
15:18 of 3rd period - Alex Broadhurst is hit by Jordan Nolan and loses puck.
16:19 of 3rd period - Slapshot by Ryan Craig.
16:19 of 3rd period - Shot Blocked by Adam Almquist.
16:23 of 3rd period - Wrist shot by Ryan Craig.
16:23 of 3rd period - Stopped by Matt Hackett with a rebound.
16:25 of 3rd period - Snap shot by Brandon Segal.
16:25 of 3rd period - Shot Blocked by Joe Diamond.
17:19 of 3rd period - Nick Tuzzolino is hit by Ryan Craig and loses puck.
17:25 of 3rd period - Icing by Calle Jarnkrok.
17:26 of 3rd period - David Steckel wins face-off versus Kirill Kabanov in Rampage zone.
19:07 of 3rd period - Matt Puempel is hit by David Steckel and loses puck.
19:20 of 3rd period - Kirill Kabanov is hit by Eric Tangradi and loses puck.
19:35 of 3rd period - Backhand shot by Jordan Nolan.
19:35 of 3rd period - Deflect By Johan Sundstrom.
19:35 of 3rd period - Deflect By Ryan Craig.
19:35 of 3rd period - Stopped by Magnus Hellberg with a rebound.
19:45 of 3rd period - Wrist shot by Johan Sundstrom.
19:45 of 3rd period - Stopped by Magnus Hellberg without a rebound.
19:46 of 3rd period - Scott Niedermayer call a timeout for Pirates.
19:46 of 3rd period - Johan Sundstrom wins face-off versus Ryan Craig in Pirates zone.
Goals for this period are 0 for Pirates vs 0 for Rampage.
Shots for this period are 7 for Pirates vs 4 for Rampage.


Output by the SimonT Hockey Simulator (STHS) for Eric Dolegowski -- Original Page W3C XHTML 1.0 Valid
Hockey Simulator - Hockey Simulation - Hockey Manager